 Dungeon Sprint DCSS version 0.21.1-1-g345015f (webtiles) character file.

4 Fang the Skirmisher (level 1, -3/33 HPs)
             Began as a Minotaur Berserker on June 14, 2018.
             Was a Follower of Trog.
             Shot with a bolt by a yaktaur (31 damage)
             ... in the Dungeon (Sprint V: "Ziggurat Sprint").
             The game lasted 00:00:27 (132 turns).

Fang the Skirmisher (Minotaur Berserker)             Turns: 132, Time: 00:00:28

Health: -3/33      AC: 16    Str: 32    XL:     1   Next: 50%
Magic:  0/0        EV:  9    Int:  4    God:    Trog [*.....]
Gold:   0          SH:  0    Dex:  9    Spells: 0/0 levels left

rFire    . . .     SeeInvis .   l - +5 demon trident
rCold    . . .     Gourm    .   (no shield)
rNeg     . . .     Faith    .   j - +5 shadow dragon scales
rPois    .         Spirit   .   (helmet restricted)
rElec    .         Reflect  .   (no cloak)
rCorr    .         Harm     .   (no gloves)
MR       .....     NoTele   +   (no boots)
Stlth    ..........             (no amulet)
HPRegen  0.11/turn              G - ring of flight
MPRegen  0.07/turn              F - +6 ring of strength

@: berserking, very quick
A: retaliatory headbutt, horns 2
a: Berserk, Burn Spellbooks, Renounce Religion, Evoke Flight


You were in the Dungeon.
You worshipped Trog.
Trog was aware of your devotion.
You were not hungry.

You visited 1 branch

Inventory:

Hand Weapons
 a - a +4 hand axe of chopping
 k - a +5 executioner's axe
 l - a +5 demon trident (weapon)
Armour
 j - +5 shadow dragon scales (worn)
Jewellery
 F - a +6 ring of strength (right hand)
 G - a ring of flight (left hand)
Wands
 x - a wand of disintegration (7)
 y - a wand of iceblast (7)
 z - a wand of acid (7)
Scrolls
 i - 4 scrolls of blinking
 m - 7 scrolls of fog
 n - a scroll of holy word
 o - 5 scrolls of identify
 p - 5 scrolls of remove curse
 q - 2 scrolls of fear
Potions
 d - 10 potions of curing
 e - 10 potions of heal wounds
 f - 6 potions of haste
 g - 7 potions of magic
 h - 3 potions of berserk rage
 r - 2 potions of brilliance
 s - 2 potions of invisibility
 t - 4 potions of resistance
 u - a potion of experience
 v - 5 potions of agility
 w - 5 potions of might
Comestibles
 c - 7 rations


   Skills:
 + Level 4.3 Fighting
 + Level 4.3 Axes
 + Level 2.7 Armour
 + Level 2.4 Dodging


You couldn't memorise any spells.
You didn't know any spells.

Dungeon Overview and Level Annotations

Branches:
Dungeon (1/1)

Altars:
Ashenzari
Cheibriados
Dithmenos
Elyvilon
Fedhas
Gozag
Hepliaklqana
Kikubaaqudgha
Makhleb
Nemelex Xobeh
Okawaru
Qazlal
Ru
Sif Muna
Trog
Uskayaw
Vehumet
Wu Jian
Xom
Yredelemnul
Zin
The Shining One
Beogh
Jiyva
Lugonu

Annotations:
D 1 transporter


Innate Abilities, Weirdness & Mutations

You reflexively headbutt those who attack you in melee.
You have a pair of horns on your head.


Message History

a - a +4 hand axe of chopping
There is a transporter here.
Welcome to arena 2.
You enter the transporter and appear at another place.
A centaur and 2 yaktaurs come into view.
The yaktaur shouts! x2; The centaur shouts!
The centaur wields a shortbow.
The centaur shoots an arrow.
The arrow hits you.
The yaktaur picks up an uncursed staff of fire.
The yaktaur wields an uncursed staff of fire.
The yaktaur wields an arbalest.
The yaktaur shoots a bolt.
The bolt barely misses you.
Found a bolt, a manual of Throwing and a book of Dreams.
Found a transporter.
A red film seems to cover your vision as you go berserk!
You feel yourself moving faster!
You feel mighty!
You feel a lot more hungry.
The centaur shoots an arrow.
The arrow hits you but does no damage.
The centaur shoots an arrow.
The arrow hits you.
The yaktaur wields an arbalest.
The yaktaur shoots a bolt.
The bolt hits you!!
Ouch! That really hurt!
You die...

▓▓▓▓▓▓▓▓▓▓▓▓▓
▓.8©8.▓.8©8.▓
▓.ccc.▓.....▓
▓.....▓.|...▓
▓.....▓.....▓
▓.....▓..)..▓
▓.....▓..©..▓
▓..@..▓▓▓▓▓▓▓
▓▓▓▓▓▓▓


You could see 2 yaktaurs and a centaur.

Vanquished Creatures
  2 orcs (D)
2 creatures vanquished.

Notes
Turn   | Place    | Note
-------+----------+-------------------------------------------
     0 | D        | Found the +6 Majin-Bo {vamp, Archmagi MP+6 Int+6}
     0 | D        | Found the +7 great mace "Firestarter" {inner flame, rF++}
     0 | D        | Fang the Minotaur Berserker began the quest for the Orb.
     0 | D        | Reached XP level 1. HP: 19/19 MP: 0/0
     3 | D        | Found a blossoming altar of Fedhas.
     4 | D        | Found a viscous altar of Jiyva.
     4 | D        | Found a hazy altar of Hepliaklqana.
     4 | D        | Found a transporter.
     4 | D        | Found an opulent altar of Gozag.
     4 | D        | Found an ancient bone altar of Kikubaaqudgha.
     4 | D        | Found a corrupted altar of Lugonu.
    10 | D        | Found a burning altar of Makhleb.
    11 | D        | Found a stormy altar of Qazlal.
    11 | D        | Found a sacrificial altar of Ru.
    11 | D        | Found an iron altar of Okawaru.
    11 | D        | Found a deep blue altar of Sif Muna.
    11 | D        | Found a sparkling altar of Nemelex Xobeh.
    11 | D        | Found a bloodstained altar of Trog.
    18 | D        | Banished a spatial maelstrom
    73 | D        | Entered arena 2.
    73 | D        | Found a transporter.
   131 | D        | Entered arena 3.
   131 | D        | Noticed a yaktaur
   131 | D        | Noticed a yaktaur
   131 | D        | Noticed a centaur
   131 | D        | Found a transporter.
   132 | D        | Shot with a bolt by a yaktaur

Skill      XL: |  1 |
---------------+----+-----
Fighting       | 4 |  4.3
Axes           | 4 |  4.3
Armour         | |  2.7
Dodging        | |  2.4

Action                   || total
-------------------------++-------
Melee: Demon trident     ||     3
       Headbutt          ||     1
Invok: Berserk           ||     2
Armor: Shadow dragon sca ||     2
Dodge: Dodged            ||     1
